 Dungeon Crawl Stone Soup version 0.29-a0-275-g389c0b56f3 (webtiles) character file.

Game seed: 3182789468764299490

5 spaghetti the Sneak (level 1, 12/20 HPs)
             Began as a Deep Dwarf Delver on Mar 12, 2022.
             Quit the game on level 5 of the Dungeon.
             The game lasted 00:00:26 (69 turns).

spaghetti the Sneak (Deep Dwarf Delver)               Turns: 69, Time: 00:00:27

Health: 12/20      AC:  3    Str: 15    XL:     1   Next: 66%
Magic:  1/1        EV: 12    Int: 10    God:
Gold:   21         SH:  0    Dex: 14    Spells: 0/0 levels left

rFire   . . .      SeeInvis .   a - +0 hand axe {axe}
rCold   . . .      Faith    .   (no shield)
rNeg    . . .      Spirit   .   b - +0 leather armour
rPois   .          Reflect  .   (no helmet)
rElec   .          Harm     .   (no cloak)
rCorr   .          Rampage  .   (no gloves)
Will    .....                   (no boots)
Stlth   +++.......              (no amulet)
HPRegen 0.00/turn               (no ring)
MPRegen 0.07/turn               (no ring)

@: no status effects
A: damage resistance, heal wounds, sense surroundings 1, no regeneration
a: Heal Wounds


You were on level 5 of the Dungeon.
You visited 1 branch of the dungeon, and saw 3 of its levels.

You collected 21 gold pieces.


Innate Abilities, Weirdness & Mutations

You are resistant to damage.
You can heal yourself by infusing magical energy.
You passively map a small area around you.
You do not regenerate.


   Skills:
 + Level 2.8 Fighting
 + Level 2.3 Axes
 + Level 2.3 Dodging
 + Level 6.1 Stealth


You couldn't memorise any spells.
You didn't know any spells.
Your spell library was empty.

Inventory:

Hand Weapons
 a - a +0 hand axe (weapon) {axe}
Armour
 b - a +0 leather armour (worn)
Wands
 g - a wand of digging (3)
 h - a wand of iceblast (6)
   (You found it on level 5 of the Dungeon)
Scrolls
 c - a scroll of fog
 e - a scroll of fear
Potions
 f - a potion of haste {@q3}

Dungeon Overview and Level Annotations

Branches:
Dungeon (6/15)             Temple (0/1) D:4

Altars:

, ........####)..... ,
..### ###..............
, , .?.#.
#.........#....#. ,
.o.... #.......####..##.
...o.. #.......####.....
......##.........##.####
, #....#.........#... #
, , , #.................
. ,
##..@..............,. *
###.............. .. ,
##...##.n......, , *
#............. , ,
...#.......## , ,
....#........ * , ,,
.###.......#., * ,
#....... ,


You could see a necrophage (wandering) and 2 orcs.


Message History

🤖 Initializing magus.rc ...
Options error: Delay interrupt name "hungry" not recognised. (~/.crawlrc:4761) Options error: Bad monster_list_colour key: strict_neutral (~/.crawlrc:4776) ✅ Successfully initialized magus.rc [v1.9.6] Welcome, spaghetti the Deep Dwarf Delver.
Will you prevail where others failed? Will you find the Orb of Zot?
Press ? for a list of commands and other information.
Found a forked wooden wand.
Found two stone staircases leading down and a stone staircase leading up.
h - a wand of iceblast (6)
There are no items here.
There is a stone staircase leading up here.
There is a stone staircase leading up here.
You climb upwards.
The ufetubus shouts!
There is a stone staircase leading down here.
Unknown command.
Unknown command.
An orc priest comes into view. It is wielding a +0 club.
Found a staircase to the Ecumenical Temple.
The ufetubus hits you but does no damage.
The ufetubus hits you. 😕 HP[-1]
You take 1 damage, and now have 19/20 hp.
The ufetubus misses you. The ufetubus hits you. The ufetubus barely misses you.
The ufetubus closely misses you. The ufetubus attacks as you move away!
The ufetubus completely misses you. The ufetubus closely misses you.
The ufetubus attacks as you move away! The ufetubus closely misses you.
The ufetubus hits you but does no damage.
The ufetubus barely misses you.
The ufetubus hits you but does no damage.
The ufetubus closely misses you. x2
There is a stone staircase leading down here.
The ufetubus hits you. The ufetubus barely misses you. The ufetubus hits you.
The ufetubus barely misses you.
You climb downwards.
There is a stone staircase leading up here.
Unknown command.
Unknown command.
You hit the ufetubus. The ufetubus barely misses you. The ufetubus hits you.
You miss the ufetubus. The ufetubus hits you.
The ufetubus hits you but does no damage.
The ufetubus hits you. The ufetubus misses you. 😕 HP[-2]
You take 2 damage, and now have 17/20 hp.
You hit the ufetubus but do no damage. The ufetubus closely misses you.
The ufetubus barely misses you.
The ufetubus hits you but does no damage. x2
You barely miss the ufetubus. The ufetubus misses you.
The ufetubus hits you. x2
The ufetubus barely misses you. 😮 HP[-5]
You take 5 damage, and now have 12/20 hp.
MASSIVE DAMAGE!! (PAUSE)
You hit the ufetubus.
You kill the ufetubus!
There is a stone staircase leading up, spattered with blood here.
Found a stone staircase leading up.
There is a stone staircase leading down here.
You climb downwards.
There is a stone staircase leading up here.
Unknown command.
Unknown command.
Really read
d - a scroll of magic mapping {!r}?
As you read the scroll of magic mapping {!r}, it crumbles to dust.
You feel aware of your surroundings.
You sensed 1 altar.
The orc priest shouts!
You hear a shout!
An orc comes into view. It is wielding a +0 club.
The orc priest looks satisfied for a moment.
You climb upwards.
There is a stone staircase leading down here.
There is a stone staircase leading up here.
A necrophage comes into view.
The necrophage moves out of view.
You now have 21 gold pieces.
A necrophage is nearby!
A necrophage is nearby!
A necrophage is nearby!
A necrophage is nearby!
A white imp comes into view.
An orc comes into view. It is wielding a +0 dagger.
The orc shouts!
You hear a shout! x3 2 orcs come into view.
An orc is wielding a +2 dagger of electrocution.
The orc moves out of view.
Are you sure you want to abandon this character and quit the game? (Confirm with "yes".)

Action                   || total
-------------------------++-------
Melee: Hand axe          ||     5
  Use: Scroll            ||     1
Armor: Leather armour    ||     6
Dodge: Dodged            ||    17

Levels and vault maps discovered:
D:4:      layout_rooms, mainiacjoe_overflow_tiny_flanked,
          nicolae_overflow_hidden_temple, minmay_temple_entry_proselytizer,
          serial_forest, infiniplex_forest_clump_double,
          infiniplex_forest_straight_4, infiniplex_forest_straight_1,
          infiniplex_forest_clump_long, infiniplex_forest_straight_5,
          infiniplex_forest_straight_5, infiniplex_forest_zigzag_1,
          infiniplex_forest_zigzag_2, serial_shops, nicolae_lakefront_shop,
          uniq_ijyb, uniq_blork_the_orc, uniq_pikel, uniq_natasha
D:5:      layout_cave_pools, serial_bayou_pond_e
D:6:      layout_basic, mainiacjoe_overflow_catwalk, uniq_grinder

Notes
Turn   | Place    | Note
-------+----------+-------------------------------------------
     0 | D:5      | spaghetti the Deep Dwarf Delver began the quest for the
                  | Orb.
     0 | D:5      | Reached XP level 1. HP: 20/20 MP: 1/1
     0 | D:5      | magus.rc [v1.9.6]
    11 | D:4      | Found a staircase to the Ecumenical Temple.
    11 | D:4      | Noticed an orc priest
    34 | D:6      | Noticed an orc priest
    36 | D:6      | Noticed an orc priest
    49 | D:5      | Noticed a necrophage
    69 | D:5      | Quit the game

Vanquished Creatures
  An ufetubus (D:5)
1 creature vanquished.

Table legend:
 A = Non-vault XP
 B = Vault XP
 C = Vault XP percentage of total XP
 D = Non-vault monster count
 E = Vault monster count
 F = Vault count percentage of total count
                 A         B        C        D         E       F
            +---------+---------+-------+---------+---------+-------
      Total |       8 |       0 |   0.0 |       1 |       0 |   0.0
            +---------+---------+-------+---------+---------+-------
        D:5 |       8 |       0 |   0.0 |       1 |       0 |   0.0
            +---------+---------+-------+---------+---------+-------

Illustrated notes

Table legend:
 A = Kills in this place as a percentage of kills in entire the game.
 B = Kills by you in this place as a percentage of kills by you in the entire game.
 C = Kills by friends in this place as a percentage of kills by friends in the entire game.
 D = Other kills in this place as a percentage of other kills in the entire game.
 E = Experience gained in this place as a percentage of experience gained in the entire game.
 F = Experience gained in this place divided by the number of levels of this place that you have seen.
                   A       B       C       D       E      F
               +-------+-------+-------+-------+-------+----------------------
         Total | 100.0 | 100.0 |   N/A |   N/A | 100.0 |   2.7
       Dungeon | 100.0 | 100.0 |   N/A |   N/A | 100.0 |   2.7
               +-------+-------+-------+-------+-------+----------------------

Table legend: (Time is in decaauts)
 A = Elapsed time spent in this place.
 B = Non-inter-level travel time spent in this place.
 C = Inter-level travel time spent in this place.
 D = Time resting spent in this place.
 E = Time spent auto-exploring this place.
 F = Levels seen in this place.
 G = Mean time per level.
                   A        B        C        D        E       F      G
               +--------+--------+--------+--------+--------+-----+--------+
         Total |     70 |     70 |      0 |      0 |     17 |   3 |   23.3 |
       Dungeon |     70 |     70 |      0 |      0 |     17 |   3 |   23.3 |
               +--------+--------+--------+--------+--------+-----+--------+

Top non-repeatable levels by time:
     D:5: 57 daAuts
     D:4: 10 daAuts
     D:6: 2 daAuts
